 Dungeon Crawl Stone Soup version 0.30-a0-778-g2ef04afb54 (webtiles) character file.

Game seed: 7226568926812485496

167 hikkokomori the Sneak (level 5, -2/30 HPs)
             Began as a Gargoyle Hedge Wizard on Feb 16, 2023.
             Was an Initiate of Okawaru.
             Killed by miscasting Mephitic Cloud (5 damage)
             ... on level 3 of the Dungeon.
             The game lasted 00:05:48 (2280 turns).

hikkokomori the Sneak (Gargoyle Hedge Wizard)       Turns: 2280, Time: 00:05:49

Health: -2/30      AC:  7    Str: 13    XL:     5   Next: 48%
Magic:  5/9        EV: 11    Int: 17    God:    Okawaru [......]
Gold:   82         SH:  0    Dex:  9    Spells: 2/10 levels left

rFire   . . .      SeeInvis +    a - +0 dagger
rCold   . . .      Faith    .    (no shield)
rNeg    + . .      Spirit   .    b - +0 robe
rPois   ∞          Reflect  .    k - +0 helmet
rElec   +          Harm     .    (no cloak)
rCorr   .          Rampage  .    (no gloves)
Will    .....                    (no boots)
Stlth   ++                       (no amulet)
HPRegen 0.25/turn                f - +4 ring of slaying
MPRegen 0.11/turn                n - ring of see invisible

@: brilliant, very slightly contaminated
A: sickness immunity, AC +4, negative energy resistance 1, electricity
resistance, torment resistance 1, petrification resistance
a: Renounce Religion


You were on level 3 of the Dungeon.
You worshipped Okawaru.
Okawaru was noncommittal.
You visited 1 branch of the dungeon, and saw 3 of its levels.

You collected 82 gold pieces.

Inventory:

Hand Weapons
 a - a +0 dagger (weapon)
Armour
 b - a +0 robe (worn)
 c - a +0 hat
 k - a +0 helmet (worn)
Jewellery
 f - a +4 ring of slaying (left hand)
 n - a ring of see invisible (right hand)
Wands
 o - a wand of polymorph (4)
Scrolls
 g - a scroll of enchant weapon {unknown}
 h - a scroll of poison {unknown}
 i - 6 scrolls of identify {unknown}
 m - 3 scrolls of teleportation {unknown}
 q - a scroll of blinking {unknown}
 r - a scroll of vulnerability {unknown}
Potions
 d - a potion of magic
 j - a potion of curing {unknown}
 l - a potion of might {unknown}
 p - a potion of flight {unknown}
 s - a potion of attraction {unknown}


   Skills:
 + Level 2.0 Fighting
 - Level 1.6 Dodging
 + Level 3.6 Stealth
 - Level 3.0 Spellcasting
 + Level 2.6 Conjurations
 - Level 2.0 Summonings
 - Level 2.0 Translocations
 + Level 0.6 Poison Magic


You had 2 spell levels left.
You knew the following spells:

 Your Spells              Type           Power      Damage    Failure   Level
a - Magic Dart            Conj           68%        1d6       6%          1
b - Mephitic Cloud        Conj/Pois/Air  9%         N/A       32%         3
c - Call Imp              Summ           14%        N/A       12%         2
d - Blink                 Tloc           28%        N/A       12%         2

Your spell library contained the following spells:

 Spells                   Type           Power      Damage    Failure   Level
 Kiss of Death            Conj/Necr      40%        2d8       11%         1
 Sting                    Tmut/Pois      20%        1d4       16%         1
 Slow                     Hex            12%        N/A       17%         1
 Poisonous Vapours        Pois/Air       10%        N/A       24%         2
 Olgreb's Toxic Radiance  Pois           7%         N/A       80%         4
 Dispel Undead            Necr           3%         3d7       86%         4
 Ice Form                 Ice/Tmut       3%         N/A       86%         4
 Necromutation            Tmut/Necr      1%         N/A       100%        8
 Cigotuvi's Dreadful Rot  Necr/Pois/Air  Unusable   N/A       N/A         2

Dungeon Overview and Level Annotations

Branches:
Dungeon (3/15)

Altars:
Okawaru


Innate Abilities, Weirdness & Mutations

You are immune to sickness and miasma.
Your stone body is resilient. (AC +4)
You are immune to poison.
You resist negative energy. (rN+)
You are resistant to electric shocks. (rElec)
You are resistant to unholy torment.
You are immune to petrification.


Message History

Press: ? - help, Shift-Dir - straight line, f - orc wizard
Aim: an orc wizard, wielding a +0 dagger and wearing a +0 robe (moderately wounded, slightly transparent, chance to affect: 86%)
You feel a surge of power!
The ball explodes into a vile cloud!
The stinking cloud engulfs the orc wizard but does no damage.
The orc wizard is moderately wounded.
The stinking cloud engulfs the goblin but does no damage.
The stinking cloud engulfs the orc wizard but does no damage.
The stinking cloud engulfs you but does no damage.
The orc wizard is engulfed in noxious fumes.
The orc wizard appears confused.
The orc wizard barely misses you.
You barely miss the orc wizard.
The orc wizard is engulfed in noxious fumes.
The orc wizard appears confused.
The orc wizard closely misses the orc wizard.
The orc wizard hits you with a +0 dagger.
* * * LOW HITPOINT WARNING * * *
You hit the orc wizard.
The orc wizard is moderately wounded.
The orc wizard is engulfed in noxious fumes.
The orc wizard barely misses the orc wizard.
The orc wizard hits you but does no damage.
You hit the orc wizard.
The orc wizard is moderately wounded.
The orc wizard casts a spell at you. The magic dart hits you.
* * * LOW HITPOINT WARNING * * *
You closely miss the orc wizard.
The orc wizard is moderately wounded.
The orc wizard hits you but does no damage.
The goblin attacks as you move away! The goblin completely misses you.
Casting: Mephitic Cloud (quite dangerous; 32% risk of failure)
Confirm with . or Enter, or press ? or * to list all spells.
The spell is quite dangerous to miscast (32% risk of failure)!
Continue anyway?
Aiming: Mephitic Cloud (quite dangerous; 32% risk of failure)
Press: ? - help, Shift-Dir - straight line, f - goblin, p - orc wizard
Aim: a goblin, wielding a +0 dagger (chance to affect: 96%)
You feel a surge of power!
You miscast Mephitic Cloud.
You are very lightly contaminated with residual magic.
Strange energies run through your body.
You die...

#.# #........##.# #.#
#.#.....## # #.###.##...##
.# .### #####.).>.###.## #.#
.....##..........†.†### #.#
.Joo.....!.......))...# #.#
..##.##).##...........###.#
....##..##............##.#
.......).##@#.#.P...###.#.#
......oJ.og.#.#.#..###.#..#
............#.#.#.###.#.#.##
.....##.##### #...##S###....
..... #.# ###. ## #.#.##
###. #.# #. #.#.## .. #.# ..
##.# #. ..# #..


You could see 2 orc wizards, an endoplasm and a goblin.

Vanquished Creatures
  An orc priest (D:3)
  A scorpion zombie (D:3)
  Robin (D:2)
  3 adders
  An adder zombie (D:3)
  An adder skeleton (D:3)
  An orc (D:3)
  5 ball pythons
  3 bats
  5 endoplasms
  20 goblins
  2 hobgoblins (D:2)
  8 jackals
  A quokka (D:1)
  A frilled lizard (D:1)
  2 kobolds
  A quokka skeleton (D:3)
  4 rats
61 creatures vanquished.

Notes
Turn   | Place    | Note
-------+----------+-------------------------------------------
     0 | D:1      | hikkokomori the Gargoyle Hedge Wizard began the quest for
                  | the Orb.
     0 | D:1      | Reached XP level 1. HP: 10/10 MP: 4/4
    20 | D:1      | Reached skill level 1 in Translocations
    30 | D:1      | You fall into a shaft and drop 1 floor!
    84 | D:1      | Reached skill level 1 in Summonings
   133 | D:1      | Reached XP level 2. HP: 14/15 MP: 1/6
   768 | D:2      | Reached XP level 3. HP: 20/20 MP: 4/7
  1040 | D:2      | Reached skill level 1 in Fighting
  1040 | D:2      | Noticed Robin
  1230 | D:2      | Killed Robin
  1231 | D:2      | Reached XP level 4. HP: 18/25 MP: 0/8
  1634 | D:2      | Learned a level 3 spell: Mephitic Cloud
  1637 | D:2      | Learned a level 2 spell: Call Imp
  1640 | D:2      | Learned a level 2 spell: Blink
  1893 | D:3      | Got the Dissertation on Configuration and Diablerie
  2018 | D:3      | Found an iron altar of Okawaru.
  2078 | D:3      | Became a worshipper of Warmaster Okawaru
  2138 | D:3      | Reached XP level 5. HP: 13/30 MP: 9/9
  2280 | D:3      | Killed by miscasting Mephitic Cloud

Illustrated notes

Levels and vault maps discovered:
D:1:      mrwooster_arrival_statue_3, layout_basic,
          minmay_misc_feat_secret_circle
D:2:      layout_loops_ring, uniq_robin
D:3:      layout_loops_ring, lemuel_round_altar, serial_undead, serial_undead_f,
          serial_undead_e, serial_undead_d, serial_undead_e, serial_undead_f,
          serial_undead_c

Skill      XL: |  1  2  3  4  5 |
---------------+----------------+-----
Translocations | 1 2 |  2.0
Summonings     | 1 2 |  2.0
Fighting       | 1 2 |  2.0
Conjurations   | 2 |  2.6
Stealth        | 3 |  3.6
Dodging        | |  1.6
Spellcasting   | |  3.0
Poison Magic   | |  0.6

Action                     |  1- 3 |  4- 6 || total
---------------------------+-------+-------++-------
  Melee: Dagger            |    85 |   100 ||   185
         Punch             |     1 |       ||     1
   Cast: Magic Dart        |    60 |       ||    60
         Mephitic Cloud    |       |     1 ||     1
    Use: Potion            |       |     1 ||     1
   Stab: Sleeping          |       |     1 ||     1
 Armour: Robe              |    61 |    48 ||   109
  Dodge: Dodged            |    91 |    65 ||   156

Table legend: (Time is in decaauts)
 A = Elapsed time spent in this place.
 B = Non-inter-level travel time spent in this place.
 C = Inter-level travel time spent in this place.
 D = Time resting spent in this place.
 E = Time spent auto-exploring this place.
 F = Levels seen in this place.
 G = Mean time per level.
                   A        B        C        D        E       F      G
               +--------+--------+--------+--------+--------+-----+--------+
         Total |   2278 |   2218 |     60 |      0 |   1678 |   3 |  759.3 |
       Dungeon |   2278 |   2218 |     60 |      0 |   1678 |   3 |  759.3 |
               +--------+--------+--------+--------+--------+-----+--------+

Top non-repeatable levels by time:
     D:2: 1109 daAuts
     D:1: 722 daAuts
     D:3: 446 daAuts
